Map: Terraços Prion

Players

papopu

  • Race: Protoss Protoss
  • League: Master

TheZergLord - Winner!

  • Race: Zerg Zerg
  • League: Master

VOD

Have the link to the VOD?

Description

Time

  • Played on: Feb. 25, 2016, 1:02 p.m.
  • Length: 8:24
Show
View Real Time Build Order
Export as new Build Order

papopu Protoss 

Build Orders: Nexus First 

Get SALT Encoding   

  12  0:02  Probe (Chrono Boost)  
  13  0:21  Pylon, Probe (Chrono Boost)  
  14  0:32  Probe (Chrono Boost)  
  16  0:42  Probe (Chrono Boost)  
  16  0:53  Probe (Chrono Boost)  
  17  1:02  Nexus  
  17  1:14  Gateway  
  17  1:18  Probe (Chrono Boost)  
  18  1:25  Assimilator  
  18  1:28  Probe (Chrono Boost)  
  18  1:31  Assimilator  
  19  1:39  Probe (Chrono Boost)  
  20  1:48  Gateway  
  20  1:49  Probe (Chrono Boost)  
  21  2:00  Probe (Chrono Boost)  
  22  2:03  Cybernetics Core  
  22  2:10  Probe (Chrono Boost)  
  22  2:14  Pylon  
  23  2:20  Probe (Chrono Boost)  
  23  2:21  Probe (Chrono Boost)  
  25  2:30  Probe (Chrono Boost)  
  25  2:31  Probe (Chrono Boost)  
  27  2:41  Probe (Chrono Boost), Adept  
  27  2:42  Warp Gate, Probe (Chrono Boost), Adept  
  33  2:51  Probe (Chrono Boost)  
  33  2:55  Mothership Core (Chrono Boost)  
  36  3:02  Probe (Chrono Boost)  
  37  3:06  Assimilator  
  37  3:11  Pylon  
  38  3:12  Probe (Chrono Boost)  
  38  3:13  Probe (Chrono Boost)  
  39  3:23  Probe (Chrono Boost)  
  39  3:24  Probe (Chrono Boost)  
  41  3:33  Probe (Chrono Boost)  
  42  3:34  Adept x2  
  42  3:35  Probe (Chrono Boost)  
  47  3:44  Probe (Chrono Boost)  
  47  3:45  Probe (Chrono Boost)  
  49  3:48  Stargate  
  49  3:51  Stargate  
  49  3:54  Nexus  
  49  3:57  Pylon  
  49  4:03  Pylon, Probe x2 (Chrono Boost)  
  51  4:11  Assimilator  
  51  4:13  Probe (Chrono Boost)  
  51  4:14  Probe (Chrono Boost)  
  54  4:24  Robotics Facility, Probe (Chrono Boost)  
  54  4:30  Probe (Chrono Boost)  
  55  4:33  Pylon  
  55  4:36  Phoenix (Chrono Boost)  
  55  4:37  Phoenix (Chrono Boost)  
  59  4:53  Adept x2  
  59  4:57  Gateway  
  59  4:58  Gateway  
  63  5:03  Forge  
  63  5:08  Gateway x2  
  63  5:09  Probe x2  
  63  5:10  Phoenix (Chrono Boost)  
  63  5:11  Phoenix (Chrono Boost)  
  63  5:12  Probe  
  70  5:19  Warp Prism (Chrono Boost)  
  70  5:21  Probe x2  
  73  5:22  Probe  
  75  5:31  Zealot x2  
  75  5:33  Probe x2  
  81  5:36  Probe  
  81  5:39  Protoss Ground Weapons Level 1 (Chrono Boost)  
  81  5:41  Pylon  
  82  5:46  Twilight Council  
  82  5:50  Observer  
  82  5:55  Phoenix x2  
  87  5:59  Probe x2  
  89  6:04  Assimilator  
  89  6:07  Assimilator  
  89  6:09  Pylon  
  89  6:11  Pylon  
  89  6:15  Probe x2  
  91  6:26  Immortal  
  91  6:27  Adept x3  
  91  6:28  Adept  
  103  6:34  Probe x2  
  103  6:35  Probe  
  106  6:46  Probe  
  107  6:49  Robotics Facility  
  107  6:51  Pylon  
  107  6:52  Pylon  
  105  6:55  Pylon  
  105  6:56  Zealot x4  
  105  6:57  Zealot x2  
  105  7:00  Immortal  
  84  7:17  Zealot x4  
  65  7:39  Zealot x4  
  69  7:57  Pylon  
  69  7:59  Pylon  
  69  8:00  Pylon  
  69  8:05  Zealot x2  
  72  8:18  Pylon  
  72  8:19  Pylon  
Show
View Real Time Build Order
Export as new Build Order

TheZergLord Zerg - Winner!

Build Orders: Hatch First 

Get SALT Encoding   

  12  0:01  Drone  
  13  0:12  Overlord  
  13  0:17  Drone  
  14  0:30  Drone x2  
  14  0:34  Drone  
  17  0:53  Hatchery  
  17  0:55  Drone  
  17  0:58  Drone  
  18  1:10  Extractor  
  17  1:13  Spawning Pool  
  17  1:16  Drone  
  17  1:20  Drone  
  18  1:28  Drone  
  19  1:38  Overlord  
  19  1:54  Drone  
  20  2:02  Queen  
  20  2:03  Zergling x2  
  20  2:05  Queen  
  20  2:06  Drone  
  26  2:11  Drone  
  26  2:13  Metabolic Boost  
  27  2:18  Drone  
  28  2:27  Drone x2  
  30  2:36  Drone  
  31  2:37  Overlord  
  31  2:41  Queen  
  33  2:49  Drone x2  
  35  2:54  Drone  
  36  3:00  Zergling x2  
  36  3:04  Zergling x2  
  38  3:11  Zergling x2  
  38  3:12  Zergling x2  
  40  3:13  Overlord  
  40  3:14  Drone  
  40  3:19  Drone x3  
  44  3:24  Overlord  
  44  3:28  Lair  
  44  3:35  Hatchery  
  44  3:36  Overlord  
  44  3:37  Drone x2  
  45  3:41  Extractor x2  
  45  3:42  Drone x2, Roach Warren  
  45  3:46  Drone x3  
  47  3:53  Drone x3  
  50  3:59  Drone  
  50  4:00  Drone  
  52  4:11  Drone x2  
  52  4:14  Drone  
  52  4:16  Drone, Extractor  
  56  4:17  Drone x2  
  56  4:22  Roach  
  56  4:23  Evolution Chamber, Roach x2  
  62  4:38  Drone x3  
  65  4:40  Spore Crawler, Drone  
  65  4:41  Hydralisk Den  
  65  4:43  Spore Crawler  
  63  4:49  Queen  
  63  4:52  Drone x5  
  70  4:54  Glial Reconstitution  
  70  4:55  Zerg Missile Weapons Level 1, Spore Crawler  
  70  4:57  Drone x3  
  71  5:04  Drone  
  71  5:05  Drone  
  73  5:12  Muscular Augments, Overlord x2  
  73  5:13  Overlord  
  73  5:31  Hydralisk x5  
  73  5:32  Hydralisk  
  85  5:37  Roach x2  
  85  5:41  Overlord x3  
  89  5:48  Extractor x2  
  87  5:59  Hydralisk x3  
  87  6:00  Hydralisk x4  
  101  6:05  Roach x2  
  101  6:08  Roach  
  107  6:11  Drone x3  
  107  6:12  Drone x4  
  114  6:27  Overlord x3  
  114  6:30  Hatchery, Lurker Den  
  113  6:35  Ravager  
  112  6:47  Roach  
  112  6:48  Roach x7  
  123  6:58  Roach x4  
  123  7:06  Roach x3  
  124  7:10  Ravager x3  
  127  7:17  Overseer  
  113  7:33  Hydralisk x2  
  113  7:34  Hydralisk x3  
  123  7:45  Hydralisk x2  
  123  7:48  Drone  
  123  7:49  Drone x4  
Tags
 
Add a new tag
Caveats
  • Supply blocks, unpowered buildings, or Contaminate may cause inaccurate times.
  • Supply counts are checked every 10 seconds.